 Dungeon Crawl Stone Soup version 0.27.1-1-g398f81649c (webtiles) character file.

Game seed: 6249419107140959437

18 DearestLeader the Skirmisher (level 2, 0/24 HPs)
             Began as a Demonspawn Abyssal Knight on Sept 14, 2021.
             Was a Follower of Lugonu.
             Slain by Terence (8 damage)
             ... on level 2 of the Dungeon.
             The game lasted 00:01:36 (1394 turns).

DearestLeader the Skirmisher (DsAK)                 Turns: 1394, Time: 00:01:37

Health: 0/24       AC:  4    Str: 12    XL:     2   Next: 48%
Magic:  3/3        EV: 11    Int: 13    God:    Lugonu [*.....]
Gold:   29         SH:  0    Dex: 12    Spells: 1/1 levels left

rFire    . . .     SeeInvis .   a - +1 hand axe
rCold    . . .     Faith    .   (no shield)
rNeg     . . .     Spirit   .   e - +0 leather armour
rPois    .         Reflect  .   (no helmet)
rElec    .         Harm     .   (no cloak)
rCorr    .         Rampage  .   d - +0 pair of gloves
Will     .....                  (no boots)
Stlth    +.........             (no amulet)
HPRegen  0.08/turn              (no ring)
MPRegen  0.08/turn              (no ring)

@: no status effects
A: claws 1
a: Renounce Religion, Depart the Abyss


You were on level 2 of the Dungeon.
You worshipped Lugonu.
Lugonu was aware of your devotion.
You visited 1 branch of the dungeon, and saw 2 of its levels.
You visited the Abyss 1 time.

You collected 29 gold pieces.

Inventory:

Hand Weapons
 a - a +1 hand axe (weapon)
Armour
 b - a +0 leather armour
 d - a +0 pair of gloves (worn)
 e - a +0 leather armour (worn)
Scrolls
 c - 2 scrolls of identify {unknown}
 f - a scroll of fear {unknown}
 g - a scroll of summoning {unknown}
 h - a scroll of blinking {unknown}
Potions
 i - a potion of ambrosia {unknown}


   Skills:
 - Level 3.0 Fighting
 * Level 2.9 Axes
 - Level 1.7 Armour
 - Level 0.8 Dodging
 - Level 2.4 Invocations


You had one spell level left.
You didn't know any spells.
Your spell library was empty.

Dungeon Overview and Level Annotations

Branches:
Dungeon (2/15)

Altars:

Annotations:
D:2 Terence


Innate Abilities, Weirdness & Mutations

You have sharp fingernails.


Message History

The worm bites you!
You hit the worm.
The worm is severely wounded.
The worm bites you.
You are too injured to fight recklessly!
There is a stone staircase leading up here.
You climb upwards.
There is a stone staircase leading down here.
You start resting.
HP restored.
You see here a +0 club.
There is a stone staircase leading down here.
You climb downwards.
Found a scroll labelled MIVVOFUANU and a glowing sapphire potion.
There is a stone staircase leading up here.
h - a scroll labelled MIVVOFUANU
i - a glowing sapphire potion Terence the Incautious comes into view.
He is wielding a +3 short sword of protection.
Terence shouts!
Terence hits you with a +3 short sword of protection.
You hit Terence but do no damage. Terence barely misses you.
You closely miss Terence. Terence closely misses you.
You hit Terence but do no damage.
Terence hits you with a +3 short sword of protection.
You barely miss Terence.
Terence hits you with a +3 short sword of protection!
You are too injured to fight recklessly!
You are too injured to fight recklessly!
You are too injured to fight recklessly!
You are too injured to fight recklessly!
You barely miss Terence. Terence barely misses you.
You hit Terence but do no damage. Terence hits you but does no damage.
Terence barely misses you.
You hit Terence.
Terence is moderately wounded.
Terence hits you with a +3 short sword of protection.
You barely miss Terence.
Terence is moderately wounded.
Terence hits you with a +3 short sword of protection!
You die...

##########.#.#
#............#
###.######..<#
#.#......#.#
#.#......#.#
#.######.#.#
#........#.#
###########.#
#....@@.....#
#.###########


You could see Terence.

Vanquished Creatures
  2 ball pythons (D:1)
  An endoplasm (D:1)
  A goblin (D:1)
  2 hobgoblins (D:1)
  2 quokkas (D:1)
  2 bats (D:1)
  A frilled lizard (D:1)
  6 kobolds (D:1)
17 creatures vanquished.

Notes
Turn   | Place    | Note
-------+----------+-------------------------------------------
     0 | Abyss:1  | DearestLeader the Demonspawn Abyssal Knight began the quest
                  | for the Orb.
     0 | Abyss:1  | Reached XP level 1. HP: 18/18 MP: 2/2
    39 | Abyss:1  | Noticed a large abomination
    40 | D:1      | Escaped the Abyss
   229 | D:1      | Reached * piety under Lugonu
   292 | D:1      | Gained mutation: You have sharp fingernails. [demonic
                  | ancestry]
   292 | D:1      | Reached XP level 2. HP: 18/24 MP: 3/3
   841 | D:1      | Found a faded altar of an unknown god.
  1383 | D:2      | Noticed Terence
  1394 | D:2      | Slain by Terence

Illustrated notes

Levels and vault maps discovered:
D:1:      lightli_arrival_maybe_door_vault, layout_basic,
          ebering_ecumenical_altar_box
D:2:      layout_basic, roderic_roman_lattice, uniq_crazy_yiuf_cottage,
          uniq_terence

Skill      XL: |  1 |
---------------+----+-----
Axes           | 2 |  2.9
Fighting       | |  3.0
Armour         | |  1.7
Dodging        | |  0.8
Invocations    | |  2.4

Action                   || total
-------------------------++-------
Melee: Hand axe          ||    53
Invok: Depart the Abyss  ||     1
 Stab: Sleeping          ||     1
Armor: Leather armour    ||    12
Dodge: Dodged            ||    29
